 Dungeon Crawl Stone Soup version 0.31.0-32-g396128a36d (webtiles) character file.

Game seed: 244448764944954710

38 monsoonserge the Ruffian (level 3, -3/26 HPs)
             Began as an Octopode Fighter on Mar 12, 2024.
             Slain by Crazy Yiuf
             ... wielding a +4 quarterstaff of chaos
              (13 damage)
             ... on level 2 of the Dungeon.
             The game lasted 00:02:25 (1782 turns).

monsoonserge the Ruffian (Octopode Fighter)         Turns: 1782, Time: 00:02:26

Health: -3/26      AC:  1    Str: 23    XL:     3   Next: 43%
Magic:  3/3        EV: 13    Int: 10    God:
Gold:   30         SH:  4    Dex: 11    Spells: 2/2 levels left

rFire   . .          .
                       - Unarmed
rCold   . . .        a - +0 buckler
rNeg    . . .        (helmet restricted)
rPois   .            (no amulet)
rElec   .            l - +6 ring of strength
rCorr   .            (no ring)
SInv    .            (no ring)
Will    .....        (no ring)
Stlth   +++          (no ring)
HPRegen 0.24/turn    (no ring)
MPRegen 0.08/turn    (no ring)
                     (no ring)

%: no passive effects
@: fragile (+50% incoming damage)
A: almost no armour, amphibious, 8 rings, camouflage 1, gelatinous body 1,
(nimble swimmer 1), tentacles
a: no special abilities


You were on level 2 of the Dungeon.
You visited 1 branch of the dungeon, and saw 2 of its levels.

You collected 30 gold pieces.

Inventory:

Missiles
 i - a poisoned dart (quivered)
Armour
 a - a +0 buckler (worn)
Jewellery
 e - a ring of fire
 l - a +6 ring of strength (left tentacle)
Scrolls
 c - a scroll of fear {unknown}
 g - a scroll of blinking {unknown}
 j - a scroll of fog {unknown}
 k - a scroll of amnesia {unknown}
 m - a scroll of immolation {unknown}
 n - 3 scrolls of teleportation {unknown}
 p - a scroll of acquirement {unknown}
Potions
 b - a potion of might
 d - a potion of ambrosia {unknown}
 f - a potion of brilliance {unknown}
 h - a potion of invisibility {unknown}
 o - a potion of curing {unknown}


   Skills:
 - Level 3.0 Fighting
 - Level 3.0 Dodging
 + Level 1.9 Stealth
 - Level 3.0 Shields
 * Level 3.2 Unarmed Combat


You had 2 spell levels left.
You didn't know any spells.
Your spell library was empty.

Dungeon Overview and Level Annotations

Branches:
Dungeon (2/15)

Altars:

Annotations:
D:2 Crazy Yiuf


Innate Abilities, Weirdness & Mutations

You cannot wear most types of armour.
You are amphibious.
You can wear up to eight rings at the same time.
Your skin changes colour to match your surroundings (Stealth+).
Your rubbery body absorbs attacks. (AC +1, EV +1)
((You are camouflaged when in or above water. (Stealth+)))
You have tentacles for arms and can constrict up to eight enemies at once.


Message History

You squeeze the jackal.
You kill the jackal!
You see here a jackal corpse.
You see here a jackal corpse.
o - a ruby potion
p - a scroll labelled FOT KUESIGE
There are no items here.
n - 2 scrolls labelled XISHOH XEHUIXUARR (gained 1)
n - 3 scrolls labelled XISHOH XEHUIXUARR (gained 1)
A rat comes into view.
The rat squeaks loudly.
The rat bites you.
You tentacle-slap the rat.
You kill the rat!
You see here a rat corpse.
There is an escape hatch in the ceiling here.
There is a stone staircase leading down here.
You open the door.
Crazy Yiuf shouts!
Throw: 3 darts (poison)
Press: ? - help, Q - select action Shift-Dir - straight line, f - Crazy Yiuf
Aim: Crazy Yiuf, wielding a +4 quarterstaff of chaos and wearing a +2 cloak of willpower (56% to hit)
You throw a poisoned dart. The poisoned dart hits Crazy Yiuf.
Unknown command.
Throw: 2 darts (poison)
Press: ? - help, Q - select action Shift-Dir - straight line, f/p - Crazy Yiuf
Aim: Crazy Yiuf, wielding a +4 quarterstaff of chaos and wearing a +2 cloak of willpower (56% to hit)
You throw a poisoned dart. The poisoned dart hits Crazy Yiuf.
Crazy Yiuf is poisoned.
You barely miss Crazy Yiuf. Your grab misses Crazy Yiuf.
Crazy Yiuf is lightly wounded.
Crazy Yiuf hits you with a +4 quarterstaff of chaos!
Ouch! That really hurt!
Your body becomes as fragile as glass!
You barely miss Crazy Yiuf. You grab Crazy Yiuf.
Crazy Yiuf is lightly wounded.
You constrict Crazy Yiuf, but do no damage.
Crazy Yiuf hits you with a +4 quarterstaff of chaos!
Ouch! That really hurt!
You die...

.........#.###....#####.#........
###.#......# #....# #...........
# #.#....#.# ♣....♣ #...........
# #........# ♣...♣♣ #...........
###.#....### ♣♣.♣♣ ##....##.#.#
....#......# ♣.♣♣ #...........
#####....### ♣♣.♣ ##....###.##
...........# ♣.♣♣ #.........##
#####....#.# ♣♣@♣ ##...#######
#####......# #g# ##...#######
##.........# .(. #...........
#####....#.# #.(.# #......#.###
#####......# #..)# ##.....#.# #
##.......#.# ##### ##.....#.# #
##.##.#..#.# #....###.###
.........#.###########...........
.................................


You could see Crazy Yiuf (poisoned).

Vanquished Creatures
  4 dart slugs
  2 bats
  4 endoplasms
  2 giant cockroaches (D:2)
  A goblin (D:1)
  2 jackals (D:2)
  2 quokkas
  3 ball pythons
  4 frilled lizards
  2 kobolds (D:1)
  5 rats
31 creatures vanquished.

Notes
Turn   | Place    | Note
-------+----------+-------------------------------------------
     0 | D:1      | monsoonserge the Octopode Fighter began the quest for the
                  | Orb.
     0 | D:1      | Reached XP level 1. HP: 16/16 MP: 1/1
   154 | D:1      | Reached XP level 2. HP: 20/21 MP: 2/2
   508 | D:1      | Reached skill level 1 in Stealth
   744 | D:2      | Reached XP level 3. HP: 26/26 MP: 3/3
   762 | D:2      | Found a runed translucent door.
   763 | D:2      | Noticed Crazy Yiuf
  1782 | D:2      | Slain by Crazy Yiuf

Illustrated notes

Levels and vault maps discovered:
D:1:      eino_arrival_water_star, layout_loops_ring, st_stairs_7,
          minmay_misc_feat_doors
D:2:      layout_basic, grunt_ministairs_6, minmay_misc_feat_square,
          nrook_uturn, uniq_crazy_yiuf_cottage

Skill      XL: |  1  2 |
---------------+-------+-----
Stealth        | 1 |  1.9
Unarmed Combat | 3 |  3.2
Fighting       | |  3.0
Dodging        | |  3.0
Shields        | |  3.0

Action                     || total
---------------------------++-------
  Melee: Unarmed           ||    78
         Constrict         ||    13
         Tentacles         ||    15
         Punch             ||     1
  Throw: Dart              ||     2
   Stab: Sleeping          ||     7
 Armour: Skin              ||    27
  Dodge: Dodged            ||    31
  Block: Buckler           ||    17
